 Dungeon Crawl Stone Soup version 0.30.0-5-g1a98f26d00 (webtiles) character file.

Game seed: 12417882628555695961

21 ProzacElf the Gusty (level 2, 0/20 HPs)
             Began as a Demigod Air Elementalist on May 8, 2023.
             Slain by an adder (1 damage)
             ... on level 2 of the Dungeon.
             The game lasted 00:03:33 (896 turns).

ProzacElf the Gusty (Demigod Air Elementalist)       Turns: 896, Time: 00:03:34

Health: 0/20       AC:  3    Str:  9    XL:     2   Next: 45%
Magic:  0/7        EV: 12    Int: 17    God:
Gold:   46         SH:  0    Dex: 14    Spells: 4/5 levels left

rFire   . . .        m - +0 short sword
rCold   . . .        (no shield)
rNeg    . . .        a - +0 robe
rPois   .            e - +0 helmet
rElec   .            (no cloak)
rCorr   .            (no gloves)
SInv    .            (no boots)
Will    .....        (no amulet)
Stlth   ++           (no ring)
HPRegen 0.23/turn    (no ring)
MPRegen 0.10/turn

%: no passive effects
@: no status effects
A: high MP 1, forlorn, divine attributes
a: no special abilities


You were on level 2 of the Dungeon.
You visited 1 branch of the dungeon, and saw 2 of its levels.

You collected 46 gold pieces.

Inventory:

Hand Weapons
 g - a +0 club
 i - a +0 whip
 l - a +0 dagger
 m - a +0 short sword (weapon)
Missiles
 c - 13 stones
Armour
 a - a +0 robe (worn)
 e - a +0 helmet (worn)
 k - a +0 chain mail
 q - a +0 pair of boots
Scrolls
 d - a scroll of vulnerability {unknown}
 f - 2 scrolls of noise {unknown}
 j - 2 scrolls of identify {unknown}
 n - a scroll of enchant weapon {unknown}
 o - a scroll of fear {unknown}
 p - a scroll of brand weapon {unknown}
Potions
 b - a potion of magic


   Skills:
 - Level 1.7 Dodging
 - Level 1.7 Stealth
 + Level 2.1 Spellcasting
 + Level 1.4 Conjurations
 + Level 3.0 Air Magic


You had 4 spell levels left.
You knew the following spells:

 Your Spells              Type           Power      Damage    Failure   Level
a - Shock                 Conj/Air       36%        1d5       8%          1

Your spell library contained the following spells:

 Spells                   Type           Power      Damage    Failure   Level
 Static Discharge         Conj/Air       18%        2-3/arc   12%         2
 Swiftness                Air            12%        N/A       16%         3
 Cigotuvi's Dreadful Rot  Necr/Pois/Air  10%        N/A       19%         2
 Airstrike                Air            6%         2d(1-17)  47%         4
 Gell's Gravitas          Tloc           1%         N/A       50%         3
 Ignite Poison            Fire/Tmut/Pois 1%         N/A       50%         3
 Teleport Other           Tloc           1%         N/A       50%         3
 Freezing Cloud           Conj/Ice/Air   3%         6-21      96%         5
 Dispersal                Tloc           0%         N/A       100%        6


Dungeon Overview and Level Annotations

Branches:
Dungeon (2/15)

Shops:
D:1 [(


Innate Abilities, Weirdness & Mutations

You have an increased reservoir of magic. (+10% MP)
You shall have no god before yourself.
Your divine heritage dramatically boosts your attributes as you level up.


Message History

Okay, than.
Ye barely miss tha adder.
Tha adder be moderately wounded.
Ye feel sick.
Tha adder barely misses ye.
Ye take 2 damage, an' haf 7/20 hp.
It was a potion o' cancellation.
Ye feel magic'lly purged.
Ye feel sick.
Tha adder closely misses ye.
Castin': Shock (safe; 8% risk o' failure) Confirm wit' . or Enter, or press ? or * ta list all spells.
Aimin': Shock (safe; 8% risk o' failure)
Press: ? - help, Shift-Dir - straight line Tha zap hits tha adder.
Tha adder be moderately wounded.
Ye feel sick.
Tha adder closely misses ye. x2
Ye take 1 damage, an' haf 6/20 hp.
Ye now haf 0/7 mp.
Ye hit tha adder but do nay damage.
Tha adder be moderately wounded.
Ye feel sick.
Tha adder bites ye but does nay damage.
Ye take 1 damage, an' haf 5/20 hp.
Ye barely miss tha adder.
Tha adder be moderately wounded.
Ye feel sick.
Tha adder bites ye.
* * * LOW HITPOINT WARNIN'
* * * Ye take 4 damage, an' haf 1/20 hp.
Ye hit tha adder.
Tha adder be heavily wounded.
* * * LOW HITPOINT WARNIN'
* * * Ye feel sick.
Ye be nay longer poison'd.
Tha adder barely misses ye.
Tha adder bites ye but does nay damage.
Ye hit tha adder.
Tha adder be almost dead.
Tha adder misses ye.
Ye hit tha adder but do nay damage.
Tha adder be almost dead.
Tha adder closely misses ye.
Ye closely miss tha adder.
Tha adder be almost dead.
Tha adder bites ye.
Ye die...

#.#..##### #.
##.# .## #..#
......#.#
###..##># !
#..##.######..
#...........)
#..##..#..#..
.... ##@.#....
### #S### ...
#)) ## ##. [#
#


You could see an adder.

Vanquished Creatures
  2 bats (D:1)
  2 endoplasms (D:1)
  A giant cockroach (D:1)
  4 goblins
  4 kobolds
  2 ball pythons (D:2)
  A frilled lizard (D:1)
  3 rats (D:1)
19 creatures vanquished.

Notes
Turn   | Place    | Note
-------+----------+-------------------------------------------
     0 | D:1      | ProzacElf the Demigod Air Elementalist began the quest for
                  | the Orb.
     0 | D:1      | Reached XP level 1. HP: 14/14 MP: 5/5
    39 | D:1      | Found Ofosku Akh's Armour Emporium.
    51 | D:1      | Reached skill level 1 in Conjurations
   606 | D:1      | Found Byvuatoko's Weapon Boutique.
   702 | D:1      | Reached XP level 2. HP: 20/20 MP: 7/7
   747 | D:1      | Reached skill level 3 in Air Magic
   892 | D:2      | HP: 1/20 [adder (3)]
   896 | D:2      | Slain by an adder

Illustrated notes

Levels and vault maps discovered:
D:1:      dpeg_arrival_subterranean_lakeside_camping, layout_basic,
          serial_shops, nicolae_shop_bloodbath_and_beyond, shop, grunt_decor_cap
D:2:      layout_loops_ring, minmay_pentomino_r4, uniq_robin, uniq_terence

Skill      XL: |  1  2 |
---------------+-------+-----
Conjurations   | 1 |  1.4
Spellcasting   | 2 |  2.1
Air Magic      | 3 |  3.0
Dodging        | |  1.7
Stealth        | |  1.7

Action                     || total
---------------------------++-------
  Melee: Club              ||     8
         Short sword       ||    35
         Whip              ||     2
         Punch             ||     1
   Cast: Shock             ||    19
    Use: Potion            ||     1
   Stab: Sleeping          ||     1
 Armour: Robe              ||    21
  Dodge: Dodged            ||    38

Action                     || total
---------------------------++-------
  Melee: Club              ||     8
         Short sword       ||    35
         Whip              ||     2
         Punch             ||     1
   Cast: Shock             ||    19
    Use: Potion            ||     1
   Stab: Sleeping          ||     1
 Armour: Robe              ||    21
  Dodge: Dodged            ||    38

Levels and vault maps discovered:
D:1:      dpeg_arrival_subterranean_lakeside_camping, layout_basic,
          serial_shops, nicolae_shop_bloodbath_and_beyond, shop, grunt_decor_cap
D:2:      layout_loops_ring, minmay_pentomino_r4, uniq_robin, uniq_terence
